Map: [ESL] Tropical Sacrifice

Players

goblin - Winner!

  • Race: Protoss Protoss
  • Spawn Location: 7:00

MaxPax

  • Race: Protoss Protoss
  • Spawn Location: 1:00

Event: DreamHack SC2 Masters 2022 Atlanta (Online)

VOD

Have the link to the VOD?

Description

Time

  • Played on: Sept. 29, 2022, 12:08 p.m.
  • Length: 5:31

All games in this series

Show
View Real Time Build Order
Export as new Build Order

goblin Protoss - Winner!

Build Orders:  

Get SALT Encoding   

  12  0:00  Probe  
  13  0:12  Probe  
  14  0:18  Pylon  
  14  0:24  Probe (Chrono Boost)  
  15  0:36  Probe (Chrono Boost)  
  15  0:39  Gateway  
  16  0:45  Probe (Chrono Boost)  
  16  0:47  Assimilator  
  17  0:51  Probe  
  18  1:03  Probe  
  19  1:15  Probe  
  20  1:26  Assimilator  
  20  1:27  Pylon  
  20  1:28  Cybernetics Core  
  20  1:29  Zealot  
  20  1:30  Probe  
  23  1:45  Probe  
  24  1:57  Probe  
  25  2:02  Warp Gate (Chrono Boost)  
  25  2:04  Stalker (Chrono Boost)  
  27  2:10  Probe  
  28  2:20  Pylon  
  28  2:26  Stalker  
  28  2:27  Probe  
  31  2:39  Gateway x2  
  31  2:48  Gateway  
  31  2:50  Shield Battery  
  31  2:56  Stalker  
  33  3:15  Pylon  
  33  3:36  Stalker  
  33  3:37  Stalker x2  
  39  3:42  Stalker  
  39  3:45  Pylon  
  37  4:11  Stalker  
  37  4:12  Stalker  
  37  4:15  Stalker x2  
  39  4:37  Stalker x2  
  43  4:46  Stalker x2  
  47  5:01  Stalker  
  47  5:02  Stalker  
Show
View Real Time Build Order
Export as new Build Order

MaxPax Protoss 

Build Orders: 1 Gate Expand, Oracle Opening 

Get SALT Encoding   

  12  0:00  Probe  
  13  0:12  Probe  
  14  0:20  Pylon  
  14  0:24  Probe  
  15  0:38  Probe (Chrono Boost)  
  16  0:43  Gateway  
  16  0:48  Probe (Chrono Boost), Assimilator  
  17  0:53  Probe (Chrono Boost)  
  18  1:05  Probe  
  19  1:17  Probe  
  20  1:29  Cybernetics Core  
  20  1:34  Probe  
  21  1:42  Nexus  
  21  1:48  Pylon  
  21  1:51  Probe  
  22  1:57  Assimilator  
  22  2:03  Probe  
  22  2:04  Adept (Chrono Boost)  
  25  2:20  Probe  
  25  2:21  Stargate  
  26  2:30  Stalker  
  26  2:32  Probe  
  28  2:45  Shield Battery, Probe  
  29  2:54  Pylon  
  29  2:56  Probe  
  29  2:57  Probe  
  31  3:02  Warp Gate  
  31  3:03  Oracle (Chrono Boost)  
  31  3:08  Probe  
  35  3:15  Stalker  
  37  3:23  Gateway  
  37  3:24  Probe  
  38  3:32  Probe  
  39  3:39  Probe  
  40  3:46  Void Ray (Chrono Boost)  
  40  3:48  Pylon  
  44  3:54  Shield Battery  
  44  3:59  Pylon  
  44  4:03  Shield Battery  
  44  4:06  Shield Battery  
  40  4:21  Void Ray (Chrono Boost)  
  40  4:38  Pylon  
  40  4:46  Pylon  
  40  4:50  Gateway  
  40  4:51  Zealot, Sentry  
  44  5:00  Shield Battery  
  44  5:03  Pylon  
  41  5:11  Sentry  
  42  5:15  Stalker  
Tags
 
Add a new tag
Caveats
  • Supply blocks, unpowered buildings, or Contaminate may cause inaccurate times.
  • Supply counts are checked every 10 seconds.